 Dungeon Crawl Stone Soup version 0.31-a0-175-g9f7f995f2b (webtiles) character file.

Game seed: 4156177338604067089

99404 kae the Alchemist (level 15, 0/118 HPs)
             Began as a Grey Draconian Transmuter on June 16, 2023.
             Was a Follower of Ru.
             Slain by a two-headed ogre
             ... wielding a +0 giant club
              (5 damage)
             ... on level 2 of the Orcish Mines on June 20, 2023.
             The game lasted 00:32:51 (30501 turns).

kae the Alchemist (Grey Draconian Transmuter)      Turns: 30501, Time: 00:32:52

Health: 0/118      AC: 17    Str: 11      XL:     15   Next: 77%
Magic:  14/25      EV: 21    Int: 24 (26) God:    Ru [*.....]
Gold:   2579       SH:  0    Dex: 10 (12) Spells: 1/28 levels left

rFire   . .          .
                       - Unarmed
rCold   . . .        (shield currently unavailable)
rNeg    . . .        (body armour unavailable)
rPois   ∞            (helmet currently unavailable)
rElec   +            (cloak currently unavailable)
rCorr   .            (gloves currently unavailable)
SInv    .            (boots currently unavailable)
Will    +....        g - amulet of regeneration
Stlth   +            P - ring of poison resistance
HPRegen 1.19/turn    I - +6 ring of intelligence
MPRegen 0.19/turn

%: no passive effects
@: storm-form, flying, studying Shields
A: cleaving, insubstantial, flying, AC +14, amphibious, unfitting armour,
(cold-blooded), disrupted magic 1, deterioration 1, weak 1
a: Blinkbolt, End Transformation, Renounce Religion


You were on level 2 of the Orcish Mines.
You worshipped Ru.
Ru was aware of your devotion.
You were a lightning-filled tempest!
You visited 4 branches of the dungeon, and saw 23 of its levels.
You also visited: Bailey.

You collected 2579 gold pieces.


Innate Abilities, Weirdness & Mutations

You are a lightning-filled tempest!
Your electrical attacks strike out in all directions at once.
You are incredibly evasive.
Your insubstantial body is immune to petrification, constriction, and being set on fire You are flying.
You are immune to poison.
Your armour is entirely melded.
You are incapable of wielding weapons or throwing items.
((Your dull iron-grey scales are very hard. (AC +14)))
You are amphibious.
You cannot fit into any form of body armour.
((You are cold-blooded and may be slowed by cold attacks.))
Your casting is slightly disrupted.
Your body sometimes deteriorates upon taking damage.
You are weak. (Str -2)


   Skills:
 - Level 7.0 Fighting
 - Level 7.0 Dodging
 - Level 10.0 Unarmed Combat
 - Level 7.0 Spellcasting
 - Level 20.3 Transmutations
 - Level 6.0 Ice Magic
 * Level 10.0 Air Magic
 - Level 2.0 Poison Magic


You had one spell level left.
You knew the following spells:

 Your Spells              Type           Power      Damage    Failure   Level
a - Dragon Form           Tmut           41%        N/A       2%          7
b - Wereblood             Tmut           82%        N/A       1%          2
c - Storm Form            Tmut/Air       34%        N/A       17%         7
d - Ice Form              Ice/Tmut       64%        N/A       1%          4
e - Swiftness             Air            54%        N/A       1%          3
f - Beastly Appendage     Tmut           100%       N/A       1%          1
g - Spider Form           Tmut/Pois      58%        N/A       1%          3

Your spell library contained the following spells:

 Spells                   Type           Power      Damage    Failure   Level
 Shock                    Conj/Air       100%       1d9       1%          1
 Sting                    Tmut/Pois      100%       1d8       1%          1
 Slow                     Hex            32%        N/A       11%         1
 Poisonous Vapours        Pois/Air       74%        N/A       1%          2
 Airstrike                Air            27%        2d(4-20)  2%          4
 Ensorcelled Hibernation  Hex/Ice        44%        N/A       5%          2
 Blink                    Tloc           16%        N/A       16%         2
 Scorch                   Fire           16%        2d6       16%         2
 Confusing Touch          Hex            8%         N/A       30%         3
 Vampiric Draining        Necr           8%         2d6       30%         3
 Olgreb's Toxic Radiance  Pois           18%        N/A       38%         4
 Anguish                  Hex/Necr       4%         N/A       65%         4
 Cause Fear               Hex            4%         N/A       65%         4
 Flame Wave               Conj/Fire      8%         2d5       65%         4
 Manifold Assault         Tloc           8%         N/A       65%         4
 Iskenderun's Battlesphe  Conj           8%         2d6       93%         5
 Leda's Unmaking          Conj/Erth      4%         9d2       100%        6
 Summon Cactus Giant      Summ           4%         N/A       100%        6
 Spellforged Servitor     Conj/Summ      4%         N/A       100%        7
 Dragon's Call            Summ           4%         N/A       100%        9

Inventory:

Missiles
 b - 213 stones
 f - 56 poisoned darts
 i - 3 datura-tipped darts
 m - 12 curare-tipped darts {=f}
 o - 33 javelins
 r - 13 boomerangs
 C - 2 throwing nets {=f!f}
Magical Staves
 B - a staff of death {!a}
   (You took it off a centaur on level 9 of the Dungeon)
 H - a staff of cold {!a}
   (You took it off Fannar on level 1 of the Lair of Beasts)
Jewellery
 g - an amulet of regeneration (around neck)
   (You found it on level 4 of the Lair of Beasts)
 z - a ring of wizardry
   (You found it on level 13 of the Dungeon)
 I - a +6 ring of intelligence (right fist)
   (You took it off an orc on level 4 of the Dungeon)
 L - a ring of flight
   (You found it on level 8 of the Dungeon)
 N - a ring of positive energy
   (You found it on level 11 of the Dungeon)
 P - a ring of poison resistance (left fist)
   (You found it on level 1 of the Dungeon)
 R - an amulet of reflection
   (You found it on level 4 of the Lair of Beasts)
 Y - a +4 ring of slaying
   (You found it on level 10 of the Dungeon)
Wands
 p - a wand of roots (12)
   (You found it on level 4 of the Dungeon)
 D - a wand of light (7)
   (You found it on level 10 of the Dungeon)
 J - a wand of mindburst (8)
   (You found it on level 1 of the Lair of Beasts)
 K - a wand of flame (14)
   (You found it on level 2 of the Lair of Beasts)
 Q - a wand of polymorph (6)
   (You found it on level 2 of the Lair of Beasts)
 Z - a wand of charming (25)
   (You found it on level 10 of the Dungeon)
Scrolls
 h - 7 scrolls of enchant weapon
 k - 2 scrolls of enchant armour
 t - 3 scrolls of immolation {!r!r}
 u - 3 scrolls of teleportation {@r4}
 w - 3 scrolls of brand weapon
 x - 11 scrolls of identify {@r1}
 y - 2 scrolls of poison
 M - a scroll of torment {!r}
 T - 3 scrolls of fear
 U - a scroll of revelation
 W - a scroll of butterflies
 X - a scroll of blinking {!r}
Potions
 a - 2 potions of lignification {!q}
 c - 8 potions of curing {@q1}
 d - 3 potions of attraction {!q}
 e - 3 potions of berserk rage {!q}
 j - 5 potions of degeneration {!q}
 l - 3 potions of enlightenment
 n - a potion of ambrosia
 q - 4 potions of magic
 s - 3 potions of mutation {!q}
 v - 2 potions of heal wounds {@q2}
 E - 2 potions of cancellation
 F - a potion of brilliance
 G - a potion of haste {@q3}
 S - 3 potions of might
Miscellaneous
 A - a condenser vane
   (You found it on level 9 of the Dungeon)
 O - a phial of floods
   (You found it on level 2 of the Lair of Beasts)
 V - a lightning rod (4/4)
   (You found it on level 5 of the Lair of Beasts)

Dungeon Overview and Level Annotations

Branches:
Dungeon (15/15) Zot: 26045  Temple (1/1) D:7 Zot: 5798    Lair (5/5) D:8 Zot: 22733
  Swamp (0/4) Lair:2        Snake (0/4) Lair:2        Slime (0/5) Lair:4
    Orc (2/2) D:9 Zot: 10783     Elf (0/3) Orc:2        Vaults (0/5) D:13
 Depths (0/4) D:15         Bailey (visited)

Altars:
Ashenzari
Cheibriados
Dithmenos
Elyvilon
Fedhas
Gozag
Hepliaklqana
Kikubaaqudgha
Makhleb
Nemelex Xobeh
Okawaru
Qazlal
Ru
Uskayaw
Vehumet
Wu Jian
Yredelemnul
Zin
Jiyva

Shops:
D:1 ==?   D:15 :   Orc:1 :

Annotations:
D:3 3 runed translucent doors, discopopstar's ghost, novice DjCj
D:8 Psyche

........ ........
............#..
........................
........................
.#......................
........................
........................
........................
...............Ov.......
...............)).......
.#..................##..
###.##.###....#..#.## #
###### ###########


You could see a two-headed ogre (fast).


Message History

There are monsters nearby!
Casting: Storm Form (dangerous; 17% risk of failure)
Confirm with . or Enter, or press ? or * to list all spells.
You turn into a lightning-filled tempest!
The two-headed ogre shouts in stereo! 😎 MP[-7]
You lost 7 mp, and now have 18/25 mp.
An ogre mage comes into view.
It is wielding a +0 halberd of freezing.
Your transformation has ended.
The ogre mage casts a spell at something.
You hear two shouts!
Unknown command.
Unknown command.
Casting: Storm Form (dangerous; 17% risk of failure)
Confirm with . or Enter, or press ? or * to list all spells.
You turn into a lightning-filled tempest!
The two-headed ogre misses you.
The two-headed ogre hits you but does no damage.
The two-headed ogre misses you.
The two-headed ogre closely misses you. 😎 MP[-6]
You lost 6 mp, and now have 12/25 mp.
You batter the two-headed ogre!! You barely miss the two-headed ogre.
The two-headed ogre closely misses you.
The two-headed ogre completely misses you.
You batter the two-headed ogre!!
Lightning courses through the two-headed ogre!
You kill the two-headed ogre!
You buffet the two-headed ogre!
You batter the two-headed ogre!!
Lightning courses through the two-headed ogre!
You kill the two-headed ogre!
You hear two shouts!
A two-headed ogre comes into view.
It is wielding a +0 giant spiked club and a +0 giant club.
A two-headed ogre comes into view. It is wielding two +0 giant clubs.
Your Air Magic skill increases to level 10!
The ogre mage misses you.
Things that are here:
a +0 giant club; a +0 giant club; a two-headed ogre corpse You buffet the ogre mage!
You batter the ogre mage!!
Lightning courses through the ogre mage!
The ogre mage gestures at the two-headed ogre while chanting.
The two-headed ogre seems to speed up. 😎 MP[+1]
You hit the ogre mage but do no damage. The ogre mage casts a spell at you.
You suddenly lose the ability to move!
The two-headed ogre hits you with a +0 giant spiked club!!
The two-headed ogre hits you with a +0 giant club.
The ogre mage casts a spell at you. The bolt of magma misses you.
The two-headed ogre hits you with a +0 giant spiked club!
The two-headed ogre barely misses you.
The ogre mage hits you with a +0 halberd of freezing!!
The ogre mage freezes you.
The two-headed ogre hits you but does no damage.
The two-headed ogre hits you with a +0 giant club!
* * * LOW HITPOINT WARNING * * *
Your body deteriorates!
You feel clumsy.
You can move again.
You are too injured to fight recklessly! 😨 HP[-68]
You take 68 damage, and now have 50/118 hp.
MASSIVE DAMAGE!! (PAUSE)
You blast the ogre mage!!!
You kill the ogre mage!
You hit the two-headed ogre. You batter the two-headed ogre!!
The two-headed ogre completely misses you.
The two-headed ogre closely misses you.
The two-headed ogre hits you with a +0 giant club!
* * * LOW HITPOINT WARNING * * *
Your body deteriorates!
You feel dopey.
The two-headed ogre hits you with a +0 giant club!
* * * LOW HITPOINT WARNING * * *
Your body deteriorates!
You feel dopey.
You feel your intelligence returning. 😱 HP[-32]
You take 32 damage, and now have 18/118 hp.
MASSIVE DAMAGE!! (PAUSE)
The two-headed ogre completely misses you. x2
The two-headed ogre misses you.
The two-headed ogre hits you but does no damage.
Items here: $ ) [ †. 😱 HP[+2] MP[+1]
You regained 2 hp, and now have 20/118 hp.
Unknown command.
You buffet the two-headed ogre!
You batter the two-headed ogre!!
The two-headed ogre hits you with a +0 giant spiked club!
* * * LOW HITPOINT WARNING * * *
The two-headed ogre completely misses you. 😱 HP[-16]
You take 16 damage, and now have 4/118 hp.
Unknown command.
You batter the two-headed ogre!!
Lightning courses through the two-headed ogre!
You kill the two-headed ogre!
You barely miss the two-headed ogre.
The two-headed ogre is stunned by your conviction and fails to attack.
The two-headed ogre hits you with a +0 giant club.
You die...

Skill      XL: |  1  2  3  4  5  6  7  8  9 10 11 12 13 14 15 |
---------------+----------------------------------------------+-----
Transmutations | 3 4 5 6 7 9 10 11 14 18 20 | 20.3
Poison Magic   | 1 2 |  2.0
Spellcasting   | 3 4 5 6 7 |  7.0
Ice Magic      | 2 3 4 6 |  6.0
Dodging        | 2 3 4 6 7 |  7.0
Fighting       | 3 5 7 |  7.0
Unarmed Combat | 5 7 9 10 | 10.0
Air Magic      | 4 10 | 10.0

Action                     |  1- 3 |  4- 6 |  7- 9 | 10-12 | 13-15 || total
---------------------------+-------+-------+-------+-------+-------++-------
  Melee: Unarmed           |   132 |   120 |   332 |   707 |   763 ||  2054
         Kick              |    22 |     4 |       |       |       ||    26
         Tailslap          |    11 |     6 |       |    11 |   119 ||   147
         Headbutt          |    14 |     7 |       |       |       ||    21
         Punch             |     1 |       |       |     3 |    51 ||    55
         Bite              |       |       |       |    13 |   103 ||   116
   Cast: Beastly Appendage |    26 |     7 |       |       |       ||    33
         Wereblood         |     2 |     3 |     6 |    28 |    21 ||    60
         Spider Form       |       |    10 |     9 |       |       ||    19
         Ice Form          |       |     5 |    28 |    67 |     1 ||   101
         Dragon Form       |       |       |       |    10 |    60 ||    70
         Swiftness         |       |       |       |       |     1 ||     1
         Storm Form        |       |       |       |       |     5 ||     5
 Invoke: Sacrifice Essence |       |       |       |     1 |       ||     1
         Reject Sacrifices |       |       |       |     1 |     2 ||     3
Ability: End Transformatio |       |       |       |     2 |     2 ||     4
  Evoke: Wand              |       |       |       |     8 |       ||     8
    Use: Scroll            |     2 |     5 |     9 |    12 |     1 ||    29
         Potion            |       |       |     2 |     2 |       ||     4
   Stab: Distracted        |       |     1 |       |     1 |     2 ||     4
 Armour: Skin              |    47 |    45 |   147 |   356 |   632 ||  1227
  Dodge: Dodged            |   110 |   138 |   229 |   390 |   401 ||  1268
  Block: Other             |       |       |       |       |    15 ||    15

Levels and vault maps discovered:
D:1:      lemuel_arrival_muddy, layout_basic, serial_shops,
          nicolae_shop_tiny_glass, shop, shop, minmay_misc_feat_tiny
D:2:      layout_basic, uniq_sigmund, uniq_terence
D:3:      layout_loops_corners, kennysheep_vampire_church,
          dreamdust_ecumenical_altar_drowned_temple, gammafunk_ghost_necromancy,
          kennysheep_jessica_study
D:4:      layout_basic, wad_rectangle_vault
D:5:      layout_basic
D:6:      layout_loops_ring, mainiacjoe_overflow_big_doors, uniq_pikel
D:7:      layout_layer_cave, minmay_temple_entry_enclosed_plants,
          enter_bailey_5, st_stairs_13, due_unseen_surprise
D:8:      layout_cave_pods, david_lair_shrubbed, roderic_roman_lattice,
          uniq_psyche
D:9:      layout_long_grid, hiddenorc1_lemuel, minmay_crystal_room,
          kennysheep_kite_vault
D:10:     layout_cross, fiery_altar_vehumet, uniq_maggie, uniq_joseph
D:11:     layout_stronghold
D:12:     layout_loops_corners, special_room [special_room_orc], uniq_nergalle
D:13:     gammafunk_mikee_crab_dinner, layout_irregular_city, david_vaults_4
D:14:     layout_stronghold, chequers_serial_rivers_small_b
D:15:     grunt_enter_depths_snipers, layout_irregular_city, serial_shops,
          nicolae_shop_behind_doors
Temple:   dpeg_five_rooms_temple
Lair:1:   hellmonk_ruined_rings, layout_layer_cave, uniq_amaemon, uniq_fannar
Lair:2:   layout_loops_ring, skrybe_swamp_entry_bodies,
          minmay_snake_entry_guardpost_small, pdpol_lair_cavern_descent
Lair:3:   layout_chaotic_city, grunt_megastairs_5, serial_bayou_shore_a
Lair:4:   layout_hall_layers, slime_entry_1, chequers_serial_rivers_micro_c,
          grunt_forest_stairs_clearing, grunt_megastairs_4
Lair:5:   grunt_lair_end_beastmaster, layout_gridlike, special_room
          [special_room_jelly]
Orc:1:    layout_diamond_mine, serial_shops, nicolae_shop_back_alley_shop,
          uniq_sonja
Orc:2:    grunt_orc_tribal_feast, layout_caves, hellmonk_ghost_happy_afterlife

Notes
Turn   | Place    | Note
-------+----------+-------------------------------------------
     0 | D:1      | kae the Draconian Transmuter began the quest for the Orb.
     0 | D:1      | Reached XP level 1. HP: 16/16 MP: 3/3
     0 | D:1      | magus.rc [v1.11.3]
    56 | D:1      | Found Fuutoec's Jewellery Emporium.
   178 | D:1      | Found Jujol's Magic Scroll Shop.
   236 | D:1      | Reached XP level 2. HP: 22/23 MP: 3/5
   245 | D:1      | Learned a level 2 spell: Wereblood
   491 | D:1      | Reached skill level 3 in Transmutations
   525 | D:1      | Reached XP level 3. HP: 21/28 MP: 6/6
   529 | D:1      | Learned a level 3 spell: Spider Form
   588 | D:1      | Found Qephamot's Jewellery Shop.
   966 | D:2      | Reached skill level 1 in Poison Magic
  1115 | D:2      | Noticed Sigmund
  1131 | D:2      | Reached XP level 4. HP: 24/35 MP: 8/8
  1377 | D:2      | Noticed Terence
  1410 | D:2      | Killed Terence
  1411 | D:2      | Reached skill level 2 in Poison Magic
  1458 | D:2      | Reached skill level 3 in Spellcasting
  1458 | D:2      | Reached skill level 4 in Transmutations
  1459 | D:2      | Reached XP level 5. HP: 40/40 MP: 2/9
  1668 | D:2      | Learned a level 4 spell: Ice Form
  1743 | D:2      | Killed Sigmund
  1744 | D:2      | Reached skill level 2 in Ice Magic
  1744 | D:2      | Reached XP level 6. HP: 47/47 MP: 6/11
  1796 | D:3      | Found a runed translucent gate.
  1796 | D:3      | Found a runed translucent gate.
  1796 | D:3      | Found a runed translucent gate.
  1798 | D:3      | Noticed discopopstar's ghost (novice DjCj)
  1908 | D:3      | Found an ancient bone altar of Kikubaaqudgha.
  2075 | D:3      | Reached skill level 5 in Transmutations
  2253 | D:3      | Noticed Jessica
  2260 | D:3      | Killed Jessica
  2291 | D:3      | Got Jessica's Directory of the Jinx
  2419 | D:3      | Found a faded altar of an unknown god.
  3256 | D:4      | Reached skill level 3 in Ice Magic
  3263 | D:4      | Your scales start taking on a dull iron-grey colour.
  3263 | D:4      | Reached XP level 7. HP: 36/52 MP: 3/12
  4076 | D:4      | Reached skill level 4 in Spellcasting
  4151 | D:5      | Entered Level 5 of the Dungeon
  4153 | D:5      | Identified a scroll of acquirement
  4153 | D:5      | Acquired 616 gold pieces
  4238 | D:5      | Reached skill level 4 in Ice Magic
  4347 | D:5      | Reached skill level 6 in Transmutations
  4419 | D:5      | HP: 10/52 [iguana (7)]
  4588 | D:5      | HP: 10/52 [orc/+0 falchion (6)]
  4959 | D:5      | You pick up a book of Air and begin reading...
  4959 | D:5      | You add the spells Shock, Swiftness and Airstrike to your
                  | library.
  5080 | D:6      | Reached XP level 8. HP: 47/59 MP: 8/14
  5182 | D:6      | HP: 15/70 [gnoll sergeant/+0 spear (8)]
  5384 | D:6      | Reached skill level 5 in Ice Magic
  5621 | D:6      | Found a hide-covered altar of Uskayaw.
  5716 | D:6      | Noticed Pikel
  5730 | D:6      | Killed Pikel
  5731 | D:6      | Reached skill level 5 in Spellcasting
  5731 | D:6      | Reached skill level 7 in Transmutations
  5731 | D:6      | Reached skill level 6 in Ice Magic
  5947 | D:6      | Reached skill level 2 in Dodging
  6162 | D:6      | Found a snail-covered altar of Cheibriados.
  6168 | D:6      | Reached XP level 9. HP: 67/67 MP: 12/17
  6267 | D:7      | Found a staircase to the Ecumenical Temple.
  6281 | Temple   | Entered the Ecumenical Temple
  6409 | Temple   | Became a worshipper of Ru the Awakened
  6516 | D:7      | Found a flagged portal.
  6531 | Bailey   | Entered a bailey
  6545 | Bailey   | Reached skill level 2 in Fighting
  6545 | Bailey   | Reached skill level 8 in Transmutations
  6979 | Bailey   | Reached skill level 4 in Unarmed Combat
  7003 | Bailey   | HP: 19/81 [orc warrior/+0 spear (7)]
  7005 | Bailey   | HP: 3/81 [orc warrior/+0 glaive (8)]
  7006 | Bailey   | HP: 1/81 [orc warrior/+0 glaive (3)]
  7207 | Bailey   | HP: 20/81 [orc warrior/+0 trident (11)]
  7416 | Bailey   | HP: 19/81 [orc warrior/+0 glaive (22)]
  7419 | Bailey   | Reached skill level 3 in Fighting
  7419 | Bailey   | Reached skill level 6 in Spellcasting
  7666 | Bailey   | Reached skill level 3 in Dodging
  7690 | Bailey   | Learned a level 3 spell: Swiftness
  7763 | Bailey   | Reached skill level 5 in Unarmed Combat
  8016 | Bailey   | Reached skill level 9 in Transmutations
  8416 | Bailey   | Reached XP level 10. HP: 78/78 MP: 16/19
  8828 | D:7      | Reached skill level 4 in Fighting
  9053 | D:7      | Reached skill level 6 in Unarmed Combat
 10162 | D:8      | Noticed Psyche
 10170 | D:8      | Reached skill level 4 in Dodging
 10775 | D:8      | Found a staircase to the Lair.
 11289 | D:9      | You fall into a shaft and drop 2 floors!
 11290 | D:11     | Gained mutation: Your casting is slightly disrupted. [Ru
                  | sacrifice]
 11290 | D:11     | Reached * piety under Ru
 11314 | D:11     | HP: 18/93 [something (6)]
 11320 | D:11     | Reached skill level 5 in Fighting
 11320 | D:11     | Reached skill level 7 in Unarmed Combat
 11553 | D:11     | Reached skill level 10 in Transmutations
 11594 | D:11     | You pick up a book of the Dragon and begin reading...
 11594 | D:11     | You add the spells Cause Fear, Dragon Form and Dragon's
                  | Call to your library.
 11668 | D:11     | Reached skill level 7 in Spellcasting
 11683 | D:11     | Learned a level 7 spell: Dragon Form
 11827 | D:11     | Noticed a white ugly thing
 12028 | D:11     | Killed a white ugly thing
 12029 | D:11     | Reached XP level 11. HP: 88/88 MP: 17/21
 12063 | D:11     | Noticed a boulder beetle
 12110 | D:11     | Noticed a boulder beetle
 12292 | D:10     | Entered Level 10 of the Dungeon
 12292 | D:10     | Noticed Maggie
 12447 | D:9      | Found a staircase to the Orcish Mines.
 12624 | D:9      | Reached skill level 5 in Dodging
 12889 | D:9      | Noticed a two-headed ogre
 13089 | D:8      | Reached skill level 8 in Unarmed Combat
 13720 | D:9      | Killed a two-headed ogre
 13721 | D:9      | Reached skill level 6 in Fighting
 13721 | D:9      | Reached skill level 11 in Transmutations
 14372 | D:9      | Identified the +12 rapier of Fedhas, Protecting {freeze,
                  | rElec rC+ Will+}
 14510 | D:10     | Noticed a two-headed ogre
 14522 | D:10     | Killed a two-headed ogre
 14958 | D:10     | Reached skill level 9 in Unarmed Combat
 15296 | D:10     | Noticed a two-headed ogre
 15301 | D:10     | Noticed Joseph
 15302 | D:10     | Killed a two-headed ogre
 15312 | D:10     | Killed Joseph
 15323 | D:10     | Reached skill level 6 in Dodging
 15403 | D:10     | You pick up a book of Scorching and begin reading...
 15403 | D:10     | You add the spells Scorch, Flame Wave and Summon Cactus
                  | Giant to your library.
 15425 | D:10     | Killed Maggie
 15585 | D:10     | Found a radiant altar of Vehumet.
 15880 | D:11     | Killed a boulder beetle
 15881 | D:11     | Reached skill level 7 in Fighting
 15881 | D:11     | Reached XP level 12. HP: 61/100 MP: 16/22
 16174 | D:11     | Noticed a two-headed ogre
 16180 | D:11     | Killed a two-headed ogre
 16181 | D:11     | Reached skill level 12 in Transmutations
 16412 | D:11     | Noticed a boulder beetle
 16426 | D:11     | HP: 30/120 [boulder beetle (11)]
 16431 | D:11     | HP: 19/120 [boulder beetle (8)]
 16738 | D:11     | Killed a boulder beetle
 16988 | Lair:1   | Entered Level 1 of the Lair of Beasts
 17014 | Lair:1   | Reached skill level 10 in Unarmed Combat
 17073 | Lair:1   | Noticed Amaemon
 17304 | Lair:1   | Killed Amaemon
 17564 | Lair:1   | Gained mutation: You have hidden genetic defects.
                  | [mutagenic glow]
 17573 | Lair:1   | Reached skill level 7 in Dodging
 17583 | Lair:1   | Reached skill level 13 in Transmutations
 17726 | Lair:1   | Noticed Fannar
 17739 | Lair:1   | HP: 32/150 [Fannar/staff of cold (10)]
 17741 | Lair:1   | Killed Fannar
 18357 | Lair:1   | Gained mutation: You are weak. (Str -2) [hidden defects]
 18369 | Lair:1   | Reached skill level 14 in Transmutations
 19529 | Lair:2   | Noticed a death yak
 19536 | Lair:2   | Noticed a death yak
 19538 | Lair:2   | Killed a death yak
 19542 | Lair:2   | Killed a death yak
 19545 | Lair:2   | Gained mutation: Your body sometimes deteriorates upon
                  | taking damage. [hidden defects]
 19545 | Lair:2   | Lost mutation: You have hidden genetic defects. [hidden
                  | defects expressed]
 19662 | Lair:2   | Found a staircase to the Snake Pit.
 19680 | Lair:2   | Reached XP level 13. HP: 105/105 MP: 10/23
 19693 | Lair:2   | Reached skill level 15 in Transmutations
 19961 | Lair:2   | Found a staircase to the Swamp.
 20815 | Lair:3   | You fall into a shaft and drop 1 floor!
 20850 | Lair:4   | Reached skill level 16 in Transmutations
 21018 | Lair:4   | HP: 38/157 [boulder beetle (13)]
 21179 | Lair:4   | Found a staircase to the Slime Pits.
 21179 | Lair:4   | Found a viscous altar of Jiyva.
 21236 | Lair:3   | Reached skill level 17 in Transmutations
 21278 | Lair:3   | You pick up a book of Debilitation and begin reading...
 21278 | Lair:3   | You add the spells Vampiric Draining and Confusing Touch to
                  | your library.
 21808 | Lair:3   | Reached skill level 18 in Transmutations
 21985 | Lair:3   | You pick up a book of Dreams and begin reading...
 21985 | Lair:3   | You add the spells Ensorcelled Hibernation and Anguish to
                  | your library.
 22441 | Lair:4   | Reached XP level 14. HP: 113/113 MP: 10/24
 22526 | Lair:4   | You add the spells Sting, Poisonous Vapours and Olgreb's
                  | Toxic Radiance to your library.
 23095 | Lair:5   | Entered Level 5 of the Lair of Beasts
 23168 | Lair:5   | Noticed a quicksilver ooze
 23172 | Lair:5   | Killed a quicksilver ooze
 23175 | Lair:5   | Noticed an azure jelly
 23177 | Lair:5   | Noticed an azure jelly
 23178 | Lair:5   | Noticed a quicksilver ooze
 23183 | Lair:5   | Killed an azure jelly
 23185 | Lair:5   | Killed a quicksilver ooze
 23185 | Lair:5   | Noticed an azure jelly
 23186 | Lair:5   | Reached skill level 19 in Transmutations
 23187 | Lair:5   | Killed an azure jelly
 23191 | Lair:5   | HP: 42/169 [azure jelly (8)]
 23378 | Lair:5   | Killed an azure jelly
 23665 | Lair:5   | Found a viscous altar of Jiyva.
 24140 | Lair:5   | Reached skill level 20 in Transmutations
 24196 | Lair:5   | You add the spells Blink, Manifold Assault and Storm Form
                  | to your library.
 24470 | Lair:5   | Learned a level 7 spell: Storm Form
 24735 | D:12     | Reached skill level 1 in Air Magic
 24848 | D:12     | Reached skill level 2 in Air Magic
 24848 | D:12     | Noticed Nergalle
 24853 | D:12     | Killed Nergalle
 25424 | D:12     | Reached skill level 3 in Air Magic
 25774 | D:13     | Found a runed translucent door.
 25864 | D:13     | Reached skill level 4 in Air Magic
 26130 | D:13     | Reached XP level 15. HP: 118/118 MP: 25/25
 26197 | D:13     | Reached skill level 5 in Air Magic
 26556 | D:13     | Found a gate to the Vaults.
 26804 | D:13     | Reached skill level 6 in Air Magic
 26995 | D:13     | Reached skill level 7 in Air Magic
 27046 | D:13     | Identified the +8 arbalest "Fouhew Yhui" {freeze, rElec
                  | Str-5 Int+2 Dex+2}
 27606 | D:14     | Reached skill level 8 in Air Magic
 28336 | D:15     | Entered Level 15 of the Dungeon
 28392 | D:14     | magus.rc [v1.11.3]
 28459 | D:15     | You pick up a book of Power and begin reading...
 28459 | D:15     | You add the spells Iskenderun's Battlesphere, Leda's
                  | Unmaking and Spellforged Servitor to your library.
 28674 | D:15     | Found Acwapn's Book Boutique.
 28792 | D:15     | Reached skill level 9 in Air Magic
 29098 | D:15     | Found a staircase to the Depths.
 29296 | Orc:1    | Entered Level 1 of the Orcish Mines
 29296 | Orc:1    | Noticed Sonja
 29329 | Orc:1    | HP: 43/177 [Sonja/+2 short sword of distortion (7)]
 29330 | Orc:1    | Killed Sonja
 29664 | Orc:1    | Found Caritz's Book Emporium.
 30100 | Orc:2    | Entered Level 2 of the Orcish Mines
 30372 | Orc:2    | Found a staircase to the Elven Halls.
 30492 | Orc:2    | Reached skill level 10 in Air Magic
 30495 | Orc:2    | Paralysed by an ogre mage for 2 turns
 30498 | Orc:2    | HP: 18/118 [two-headed ogre/+0 giant club (16)]
 30500 | Orc:2    | HP: 4/118 [two-headed ogre/+0 giant spiked club (17)]
 30501 | Orc:2    | Slain by a two-headed ogre

Vanquished Creatures
  3 azure jellies (Lair:5)
  A stone giant (D:15)
  2 quicksilver oozes (Lair:5)
  4 entropy weavers (D:13)
  A great orb of eyes (Lair:5)
  2 hydras
  An ogre mage (Orc:2)
  Fannar (Lair:1)
  3 ghost crabs (D:13)
  2 catoblepae
  8 centaur warriors
  8 two-headed ogres
  5 boulder beetles
  4 tengu warriors (D:15)
  A deep troll shaman (Lair:5)
  8 death yaks
  Nergalle (D:12)
  Sonja (Orc:1)
  A skyshark (Lair:4)
  Amaemon (Lair:1)
  5 fire crabs (D:13)
  4 skeletal warriors (D:15)
  A bog body (Lair:2)
  A deep troll (D:13)
  Pikel (D:6)
  A lindwurm (Lair:3)
  5 deep elf pyromancers
  A wolf spider (D:13)
  A cyclops (D:15)
  2 ugly things
  23 elephants
  3 manticores
  6 black mambas
  2 torpor snails (Lair:2)
  5 cane toads (Lair:4)
  An apocalypse crab (D:13)
  Joseph (D:10)
  An orange demon (Lair:1)
  An unseen horror (D:9)
  3 rime drakes
  Maggie (D:10)
  A cane toad (shapeshifter) (D:14)
  2 kobold demonologists (D:12)
  12 komodo dragons
  A freezing wraith (D:13)
  A komodo dragon (shapeshifter) (D:13)
  A tengu conjurer (D:15)
  7 polar bears
  2 trolls (D:13)
  20 slime creatures
  Sigmund (D:2)
  2 shadows (D:9)
  74 yaks
  A spriggan (Lair:4)
  3 vampires
  A wyvern (Lair:2)
  5 wraiths
  3 steam dragons (D:9)
  3 basilisks
  4 nagas (Lair:2)
  2 acid dragons (D:11)
  11 water moccasins
  2 sky beasts
  3 black bears
  31 orc warriors
  34 wolves
  3 ogres
  34 centaurs
  2 phantoms
  8 kobold brigands
  3 gnoll sergeants
  A scorpion (D:7)
  15 bullfrogs
  9 wights
  12 killer bees
  3 electric eels (Lair:2)
  2 vampire bats (D:3)
  4 howler monkeys (D:9)
  4 hounds
  4 gnoll boudas
  11 orc priests
  12 jellies
  2 iguanas
  Terence (D:2)
  2 sleepcaps
  Jessica (D:3)
  11 hell rats
  12 orc wizards
  10 adders
  27 gnolls
  2 ufetubi
  2 dart slugs
  82 orcs
  5 ball pythons
  8 bats
  2 bat skeletons (D:3)
  2 bat zombies (D:3)
  5 endoplasms
  18 goblins
  6 hobgoblins
  27 jackals
  5 quokkas
  3 frilled lizards
  35 kobolds
  5 rats
  A spectral goblin (D:3)
755 creatures vanquished.

Vanquished Creatures (others)
  An unseen horror (D:13)
  A jelly (Lair:5)
  A hell rat (Lair:3)
  A gnoll (D:10)
4 creatures vanquished.

Grand Total: 759 creatures vanquished

Table legend:
 A = Non-vault XP
 B = Vault XP
 C = Vault XP percentage of total XP
 D = Non-vault monster count
 E = Vault monster count
 F = Vault count percentage of total count
                 A         B        C        D         E       F
            +---------+---------+-------+---------+---------+-------
      Total |   89258 |   53573 |  37.5 |     547 |     209 |  27.6
            +---------+---------+-------+---------+---------+-------
        D:1 |      63 |       0 |   0.0 |      35 |       0 |   0.0
        D:2 |     113 |     261 |  69.8 |      32 |       2 |   5.9
        D:3 |      47 |     160 |  77.3 |      14 |       9 |  39.1
        D:4 |     305 |      60 |  16.4 |      19 |       6 |  24.0
        D:5 |     324 |       0 |   0.0 |      13 |       0 |   0.0
        D:6 |     891 |     663 |  42.7 |      15 |       1 |   6.2
        D:7 |     990 |     227 |  18.7 |      25 |       6 |  19.4
        D:8 |    1642 |     485 |  22.8 |      22 |       3 |  12.0
        D:9 |    1987 |    3063 |  60.7 |      39 |      31 |  44.3
       D:10 |    4289 |     808 |  15.9 |      31 |       2 |   6.1
       D:11 |    5456 |       0 |   0.0 |      17 |       0 |   0.0
       D:12 |    5061 |    1294 |  20.4 |      24 |      21 |  46.7
       D:13 |    7032 |   12323 |  63.7 |      18 |      17 |  48.6
       D:14 |    7827 |       0 |   0.0 |      25 |       0 |   0.0
       D:15 |    8076 |    2712 |  25.1 |      12 |       3 |  20.0
     Lair:1 |    7710 |    2033 |  20.9 |      36 |       3 |   7.7
     Lair:2 |    6320 |    3644 |  36.6 |      31 |      14 |  31.1
     Lair:3 |   10901 |     509 |   4.5 |      41 |       2 |   4.7
     Lair:4 |    8958 |    3554 |  28.4 |      34 |      13 |  27.7
     Lair:5 |    6051 |   18026 |  74.9 |      19 |      38 |  66.7
      Orc:1 |     702 |     778 |  52.6 |      16 |       1 |   5.9
      Orc:2 |    4513 |       0 |   0.0 |      29 |       0 |   0.0
     Bailey |       0 |    2973 | 100.0 |       0 |      37 | 100.0
            +---------+---------+-------+---------+---------+-------

Skill      XL: |  1  2  3  4  5  6  7  8  9 10 11 12 13 14 15 |
---------------+----------------------------------------------+-----
Transmutations | 3 4 5 6 7 9 10 11 14 18 20 | 20.3
Poison Magic   | 1 2 |  2.0
Spellcasting   | 3 4 5 6 7 |  7.0
Ice Magic      | 2 3 4 6 |  6.0
Dodging        | 2 3 4 6 7 |  7.0
Fighting       | 3 5 7 |  7.0
Unarmed Combat | 5 7 9 10 | 10.0
Air Magic      | 4 10 | 10.0

Action                     |  1- 3 |  4- 6 |  7- 9 | 10-12 | 13-15 || total
---------------------------+-------+-------+-------+-------+-------++-------
  Melee: Unarmed           |   132 |   120 |   332 |   707 |   763 ||  2054
         Kick              |    22 |     4 |       |       |       ||    26
         Tailslap          |    11 |     6 |       |    11 |   119 ||   147
         Headbutt          |    14 |     7 |       |       |       ||    21
         Punch             |     1 |       |       |     3 |    51 ||    55
         Bite              |       |       |       |    13 |   103 ||   116
   Cast: Beastly Appendage |    26 |     7 |       |       |       ||    33
         Wereblood         |     2 |     3 |     6 |    28 |    21 ||    60
         Spider Form       |       |    10 |     9 |       |       ||    19
         Ice Form          |       |     5 |    28 |    67 |     1 ||   101
         Dragon Form       |       |       |       |    10 |    60 ||    70
         Swiftness         |       |       |       |       |     1 ||     1
         Storm Form        |       |       |       |       |     5 ||     5
 Invoke: Sacrifice Essence |       |       |       |     1 |       ||     1
         Reject Sacrifices |       |       |       |     1 |     2 ||     3
Ability: End Transformatio |       |       |       |     2 |     2 ||     4
  Evoke: Wand              |       |       |       |     8 |       ||     8
    Use: Scroll            |     2 |     5 |     9 |    12 |     1 ||    29
         Potion            |       |       |     2 |     2 |       ||     4
   Stab: Distracted        |       |     1 |       |     1 |     2 ||     4
 Armour: Skin              |    47 |    45 |   147 |   356 |   632 ||  1227
  Dodge: Dodged            |   110 |   138 |   229 |   390 |   401 ||  1268
  Block: Other             |       |       |       |       |    15 ||    15

Illustrated notes

Table legend:
 A = Kills in this place as a percentage of kills in the entire game.
 B = Kills by you in this place as a percentage of kills by you in the entire game.
 C = Kills by friends in this place as a percentage of kills by friends in the entire game.
 D = Other kills in this place as a percentage of other kills in the entire game.
 E = Experience gained in this place as a percentage of experience gained in the entire game.
 F = Experience gained in this place divided by the number of levels of this place that you have seen.
                   A       B       C       D       E      F
               +-------+-------+-------+-------+-------+----------------------
         Total | 100.0 | 100.0 |   N/A | 100.0 | 100.0 | 5951.3
       Dungeon |  58.5 |  58.4 |   N/A | 100.0 |  46.3 | 4410.6
          Lair |  30.6 |  30.6 |   N/A |   0.0 |  47.4 | 13541.2
  Orcish Mines |   6.1 |   6.1 |   N/A |   0.0 |   4.2 | 2996.5
        Bailey |   4.9 |   4.9 |   N/A |   0.0 |   2.1 | 2973.0
               +-------+-------+-------+-------+-------+----------------------

Table legend: (Time is in decaauts)
 A = Elapsed time spent in this place.
 B = Non-inter-level travel time spent in this place.
 C = Inter-level travel time spent in this place.
 D = Time resting spent in this place.
 E = Time spent auto-exploring this place.
 F = Levels seen in this place.
 G = Mean time per level.
                   A        B        C        D        E       F      G
               +--------+--------+--------+--------+--------+-----+--------+
         Total |  30272 |  29052 |   1220 |   1860 |  22007 |  24 | 1261.3 |
       Dungeon |  19374 |  18441 |    933 |   1274 |  13915 |  15 | 1291.6 |
        Temple |    201 |    129 |     72 |      0 |    113 |   1 |  201.0 |
          Lair |   7266 |   7060 |    206 |    236 |   5664 |   5 | 1453.2 |
  Orcish Mines |   1215 |   1208 |      7 |      0 |    995 |   2 |  607.5 |
        Bailey |   2213 |   2213 |      0 |    350 |   1320 |   1 | 2213.0 |
               +--------+--------+--------+--------+--------+-----+--------+

Top non-repeatable levels by time:
     D:9: 2481 daAuts
  Bailey: 2213 daAuts
  Lair:1: 2128 daAuts
    D:11: 1930 daAuts
     D:8: 1927 daAuts
  Lair:2: 1531 daAuts
    D:13: 1430 daAuts
     D:3: 1401 daAuts
  Lair:5: 1376 daAuts
     D:7: 1330 daAuts
    D:14: 1208 daAuts
  Lair:4: 1186 daAuts
    D:12: 1111 daAuts
     D:5: 1053 daAuts
  Lair:3: 1044 daAuts
